General information
- name: BNet
- type: Ladder team game (AT/RT)
- host: Battle.net
- saver: DAGREN.DEWRW
map: MarketSquare
- players: 8
- length: 04:08
- speed: Fast
- version: 1.26 W3XP
- replay type: Public
» download(25 KB)
Players
team 1 (winner)
WARMACHINE[MX] (
yellow | 77 APM | 318 actions | 04:06)
1 Archmage
1 Summon Water Elemental
» actions
| Assign group hotkey | 10 | |
| Basic commands | 12 | |
| Build / train | 15 | |
| Enter build submenu | 7 | |
| Enter hero's abilities submenu | 1 | |
| Right click | 146 | |
| Select / deselect | 50 | |
| Select group hotkey | 67 | |
| Use ability | 10 | |
318 total
» units
» buildings
| Altar of Kings | 1 | |
| Farm | 3 | |
| Barracks | 1 | |
| Arcane Vault | 1 | |
| Scout Tower | 1 | |
7 total
» build order
00:08 Altar of Kings
00:12 Farm
00:46 Barracks
01:09 Farm
01:53 Farm
02:37 Arcane Vault
03:07 Scout Tower
1370 (
purple | 52 APM | 214 actions | 04:06)
1 Archmage
1 Blizzard
» actions
| Build / train | 16 | |
| ESC pressed | 1 | |
| Enter build submenu | 14 | |
| Enter hero's abilities submenu | 2 | |
| Right click | 48 | |
| Select / deselect | 118 | |
| Use ability | 15 | |
214 total
» units
» buildings
| Altar of Kings | 1 | |
| Farm | 4 | |
| Lumber Mill | 2 | |
| Arcane Vault | 1 | |
| Scout Tower | 1 | |
| Arcane Tower | 2 | |
| Keep | 2 | |
| Blacksmith | 2 | |
15 total
» build order
00:15 Altar of Kings
00:20 Farm
00:24 Lumber Mill
01:00 Farm
01:24 Arcane Vault
02:01 Scout Tower
02:44 Arcane Tower
02:44 Arcane Tower
02:46 Keep
02:46 Keep
03:00 Farm
03:03 Blacksmith
03:43 Lumber Mill
03:52 Blacksmith
03:55 Farm

»
DAGREN.DEWRW (
pink | 62 APM | 255 actions | 04:08)
1 Beastmaster
1 Summon Quilbeast
» actions
| Assign group hotkey | 11 | |
| Basic commands | 4 | |
| Build / train | 11 | |
| Enter build submenu | 6 | |
| Enter hero's abilities submenu | 1 | |
| Right click | 87 | |
| Select / deselect | 33 | |
| Select group hotkey | 86 | |
| Use ability | 16 | |
255 total
» units
| Acolyte | 2 | |
| Ghoul | 1 | |
| Crypt Fiend | 4 | |
7 total
» buildings
| Graveyard | 1 | |
| Crypt | 1 | |
| Altar of Darkness | 1 | |
| Ziggurat | 2 | |
| Tomb of Relics | 1 | |
| Nerubian Tower | 1 | |
7 total
» build order
00:08 Graveyard
00:10 Crypt
00:43 Altar of Darkness
00:59 Ziggurat
01:26 Tomb of Relics
02:08 Ziggurat
02:14 Nerubian Tower
» items

»
droptactics (
orange | 32 APM | 132 actions | 04:06)
» actions
| Build / train | 19 | |
| Enter build submenu | 8 | |
| Right click | 40 | |
| Select / deselect | 53 | |
| Use ability | 12 | |
132 total
» units
» upgrades
» buildings
| Lumber Mill | 1 | |
| Scout Tower | 9 | |
| Guard Tower | 8 | |
18 total
» build order
00:17 Lumber Mill
01:00 Scout Tower
01:16 Guard Tower
01:22 Scout Tower
01:41 Scout Tower
01:55 Guard Tower
01:57 Scout Tower
02:16 Guard Tower
02:16 Guard Tower
02:17 Guard Tower
02:49 Scout Tower
03:04 Guard Tower
03:18 Scout Tower
03:20 Scout Tower
03:21 Scout Tower
03:21 Scout Tower
03:46 Guard Tower
03:57 Guard Tower
team 2 (loser)

»
FeeDMeeMDeeF (
red | 55 APM | 226 actions | 04:05)
1 Far Seer
1 Feral Spirit
» actions
| Assign group hotkey | 7 | |
| Basic commands | 1 | |
| Build / train | 13 | |
| Enter build submenu | 6 | |
| Enter hero's abilities submenu | 1 | |
| Right click | 82 | |
| Select / deselect | 90 | |
| Select group hotkey | 15 | |
| Use ability | 11 | |
226 total
» units
» buildings
| Altar of Storms | 1 | |
| Orc Burrow | 3 | |
| Barracks | 1 | |
| Voodoo Lounge | 1 | |
6 total
» build order
00:08 Altar of Storms
00:11 Orc Burrow
00:55 Barracks
01:44 Orc Burrow
02:26 Voodoo Lounge
02:50 Orc Burrow
» items

»
sinso (
green | 40 APM | 157 actions | 03:54)
» actions
| Assign group hotkey | 6 | |
| Basic commands | 2 | |
| Build / train | 10 | |
| ESC pressed | 2 | |
| Enter build submenu | 9 | |
| Right click | 47 | |
| Select / deselect | 42 | |
| Select group hotkey | 26 | |
| Use ability | 13 | |
157 total
» units
» buildings
| Lumber Mill | 1 | |
| Barracks | 1 | |
| Altar of Kings | 1 | |
| Scout Tower | 4 | |
| Farm | 2 | |
| Guard Tower | 2 | |
11 total
» build order
00:57 Lumber Mill
01:06 Barracks
01:09 Altar of Kings
02:17 Scout Tower
02:19 Scout Tower
02:38 Farm
02:40 Farm
02:45 Guard Tower
02:52 Guard Tower
03:13 Scout Tower
03:16 Scout Tower
game_or_so (
blue | 45 APM | 175 actions | 03:50)
» actions
| Assign group hotkey | 4 | |
| Basic commands | 2 | |
| Build / train | 12 | |
| ESC pressed | 1 | |
| Enter build submenu | 5 | |
| Right click | 51 | |
| Select / deselect | 78 | |
| Select group hotkey | 2 | |
| Use ability | 20 | |
175 total
» units
» buildings
| Altar of Elders | 1 | |
| Moon Well | 2 | |
| Ancient of War | 1 | |
4 total
» build order
00:07 Altar of Elders
00:09 Moon Well
00:49 Ancient of War
02:12 Moon Well

»
Cloudz (
teal | 19 APM | 79 actions | 04:03)
» actions
| Build / train | 9 | |
| Enter build submenu | 8 | |
| Remove unit from queue | 1 | |
| Right click | 14 | |
| Select / deselect | 42 | |
| Use ability | 5 | |
79 total
» units
» buildings
| Crypt | 2 | |
| Ziggurat | 2 | |
| Altar of Darkness | 1 | |
5 total
» build order
00:23 Crypt
00:29 Ziggurat
00:33 Crypt
01:12 Ziggurat
01:57 Altar of Darkness
Chat log
(00:25 / Allies) WARMACHINE[MX]: wow
(00:39 / Allies) WARMACHINE[MX]: ggo
(00:49 / All) FeeDMeeMDeeF: nice job stealing my tactics
(00:51 / All) FeeDMeeMDeeF: get your own material
(00:52 / Allies) WARMACHINE[MX]: im so far
(00:53 / Allies) 1370: maphak??? orange?
(01:29 / Allies) WARMACHINE[MX]: more
(01:35 / Allies) WARMACHINE[MX]: BUILD MORE MAN
(01:37 / All) FeeDMeeMDeeF: wisp cant attack blue...
(01:39 / All) FeeDMeeMDeeF: get wood tard
(01:44 / All) DAGREN.DEWRW: thats what i was thinking lol
(01:53 / All) FeeDMeeMDeeF: hes sitting there pinging nonstop
(01:59 / All) FeeDMeeMDeeF: like scrub
(03:34 / All) WARMACHINE[MX]: u idiot red?
(03:40 / All) FeeDMeeMDeeF: its 2 vs me
(03:57 / All) DAGREN.DEWRW: LOL
(04:02 / All) DAGREN.DEWRW: kodo #1
(04:02 / All) FeeDMeeMDeeF: u only won due to blue being a retard
(04:05 / All) WARMACHINE[MX]: HI DAGREN